 Dungeon Crawl Stone Soup version 0.29-a0-414-g5075937ec3 (webtiles) character file.

Game seed: 16770359379263398606

523740 Pelinal the Acrobat (level 25, -11/196 (204) HPs)
             Began as a Merfolk Ice Elementalist on May 15, 2022.
             Was a High Priest of Ashenzari.
             Succumbed to poison (poison gas)
             ... on level 3 of the Realm of Zot on May 16, 2022.
             The game lasted 04:15:40 (59341 turns).

Pelinal the Acrobat (Merfolk Ice Elementalist)     Turns: 59341, Time: 04:15:41

HP:   -11/196 (204) AC: 22    Str: 15    XL:     25   Next: 38%
MP:   16/43         EV: 41    Int: 16    God:    Ashenzari [*****.]
Gold: 1015          SH: 14    Dex: 28    Spells: 12/56 levels left

rFire   + + .      SeeInvis +   e - +6 demon trident "Yoke of Ashenzari" {vamp, Fort, Cun} (curse)
rCold   . . .      Faith    .   S - +3 buckler of Ashenzari's Disgust {AC+3, Fort, Evo} (curse)
rNeg    . . .      Spirit   .   v - +4 troll leather armour of Toth-Mos's Legacy {Regen+, Elem, Cun} (curse)
rPois   .          Reflect  .   V - +2 hat "Tethered Ennui" {Will+, Bglg, Alch} (curse)
rElec   .          Harm     .   O - +1 cloak "Profound Vision" {Stlth+, Melee, Bglg} (curse)
rCorr   .          Rampage  .   o - +2 pair of gloves "Shattered Ennui" {Str+3, Alch, Elem} (curse)
Will    ++...      Clarity  +   A - +0 pair of boots "Shattered Augurer" {Alch, Elem} (curse)
Stlth   ++++++++..              c - amulet "Restrained Burden" {RegenMP, Elem, Fort} (curse)
HPRegen 1.22/turn               x - ring of Lusempo {rF++ Str+3 Slay+4}
MPRegen 0.68/turn               z - ring of Ouranomancy {Dex+6, Self, Cun} (curse)

@: lethally poisoned (-11 -> -117), very slightly contaminated, studying
Crossbows, lightly drained, unable to drink
A: (nimble swimmer 2), mertail, sense surroundings 1, weak 1, sturdy frame 1
}: 3/15 runes: serpentine, barnacled, silver
a: Renounce Religion, Curse Item, Shatter the Chains


You were on level 3 of the Realm of Zot.
You worshipped Ashenzari.
Ashenzari was extremely pleased with you.
You visited 9 branches of the dungeon, and saw 44 of its levels.
You visited the Abyss 1 time.
You also visited: Ice Cave and Volcano.

You collected 6634 gold pieces.
You spent 5619 gold pieces at shops.

Inventory:

Hand Weapons
 e - the cursed +6 demon trident "Yoke of Ashenzari" (weapon) {vamp, Fort, Cun}
   (You took it off a merfolk impaler on level 4 of the Shoals)

   It occasionally heals its wielder for a portion of the damage dealt when it
   wounds a living foe.
   It has a curse which improves the following skills: Fortitude: Armour and
   Shields.
   Cunning:   Dodging and Stealth.
Missiles
 m - 17 atropa-tipped darts
 s - 18 curare-tipped darts (quivered)
 H - 5 datura-tipped darts
Armour
 o - the cursed +2 pair of gloves "Shattered Ennui" (worn) {Str+3, Alch, Elem}
   (You bought it in a shop on level 1 of the Depths)

   It has a curse which improves the following skills: Alchemy: Poison Magic and
   Transmutations.
   Elements:  Fire Magic, Ice Magic, Air Magic and Earth Magic.
 v - the cursed +4 troll leather armour of Toth-Mos's Legacy (worn) {Regen+, Elem, Cun}
   (You found it on level 11 of the Dungeon)

   Regen:     It increases your rate of health regeneration.
   It has a curse which improves the following skills: Elements: Fire Magic, Ice
   Magic, Air Magic and Earth Magic.
   Cunning:   Dodging and Stealth.
 A - the cursed +0 pair of boots "Shattered Augurer" (worn) {Alch, Elem}
   (You bought it in a shop on level 1 of the Vaults)

   It has a curse which improves the following skills: Alchemy: Poison Magic and
   Transmutations.
   Elements:  Fire Magic, Ice Magic, Air Magic and Earth Magic.
 O - the cursed +1 cloak "Profound Vision" (worn) {Stlth+, Melee, Bglg}
   (You found it on level 2 of the Depths)

   It has a curse which improves the following skills: Melee Combat: Short
   Blades, Long Blades, Axes, Maces & Flails, Polearms, Staves and Unarmed
   Combat.
   Beguiling: Conjurations, Hexes and Translocations.
 S - the cursed +3 buckler of Ashenzari's Disgust (worn) {AC+3, Fort, Evo}
   (You took it off a merfolk javelineer on level 4 of the Shoals)

   It has a curse which improves the following skills: Fortitude: Armour and
   Shields.
   Evocations: Evocations.
 V - the cursed +2 hat "Tethered Ennui" (worn) {Will+, Bglg, Alch}
   (You found it on level 2 of the Vaults)

   It has a curse which improves the following skills: Beguiling: Conjurations,
   Hexes and Translocations.
   Alchemy:   Poison Magic and Transmutations.
Jewellery
 c - the cursed amulet "Restrained Burden" (around neck) {RegenMP, Elem, Fort}
   (You bought it in a shop on level 2 of the Orcish Mines)

   [amulet of magic regeneration]

   It increases your rate of magic regeneration.
   It has a curse which improves the following skills: Elements: Fire Magic, Ice
   Magic, Air Magic and Earth Magic.
   Fortitude: Armour and Shields.
 i - the ring "Bisy" {+Blink Will+ Str-2 SInv Stlth+}
   (You found it on level 1 of the Shoals)

   [ring of see invisible]

   Str:       It affects your strength (-2).
   SInv:      It lets you see invisible.
   +Blink:    It lets you blink.
   Will:      It increases your willpower.
   Stlth:     It makes you more stealthy.
 p - a ring of poison resistance
 r - a ring of protection from cold
 x - the ring of Lusempo (left hand) {rF++ Str+3 Slay+4}
   (You bought it in a shop on level 13 of the Dungeon)

   [ring of slaying]

   Str:       It affects your strength (+3).
   Slay:      It affects your accuracy & damage with ranged weapons and melee
   (+4).
   rF:        It greatly protects you from fire.
 z - the cursed ring of Ouranomancy (right hand) {Dex+6, Self, Cun}
   (You bought it in a shop on level 2 of the Orcish Mines)

   [ring of dexterity]

   Dex:       It affects your dexterity (+6).
   It has a curse which improves the following skills: Introspection: Fighting
   and Spellcasting.
   Cunning:   Dodging and Stealth.
 D - a ring of protection from fire
 R - a ring of flight
 U - the ring of the Mage {Wiz Archmagi}
   (You took it off a deep elf sorcerer on level 5 of the Vaults)

   [ring of wizardry]

   It improves your spell success rate.
   Archmagi:  It increases the power of your magical spells.
 X - the ring of the Tortoise {AC+8}
   (You found it in an ice cave)

   [ring of protection]

   AC:        It affects your AC (+8).
 Z - a ring of positive energy
Wands
 h - a wand of flame (48)
 J - a wand of polymorph (24)
 N - a wand of paralysis (22)
 Q - a wand of digging (2)
 W - a wand of mindburst (29)
Scrolls
 f - 28 scrolls of teleportation
 n - a scroll of enchant armour
 t - 13 scrolls of fog
 u - 11 scrolls of amnesia
 w - 6 scrolls of fear
 C - 6 scrolls of magic mapping
 E - 5 scrolls of summoning
 Y - a scroll of acquirement
Potions
 a - a potion of haste
 g - 3 potions of ambrosia
 k - 2 potions of magic
 l - 4 potions of attraction
 y - 2 potions of might
 F - 2 potions of heal wounds
 I - 5 potions of mutation
 K - 4 potions of brilliance
 L - a potion of berserk rage
 M - 2 potions of resistance
 P - 7 potions of curing
 T - a potion of invisibility
Miscellaneous
 b - a tin of tremorstones (2/2)
 d - a box of beasts
 j - a condenser vane
 q - a lightning rod (4/4)
 B - a phantom mirror
 G - a phial of floods


   Skills:
 + Level 15.9(18.0) Fighting
 - Level 14.0(16.2) Polearms
 - Level 6.0 Throwing
 + Level 7.7(12.2) Armour
 + Level 23.3(27) Dodging
 - Level 11.1(15.6) Stealth
 + Level 16.4(20.8) Shields
 - Level 14.0(16.2) Spellcasting
 - Level 8.4(11.9) Conjurations
 - Level 6.0(9.5) Hexes
 - Level 6.1 Summonings
 - Level 4.0(7.1) Translocations
 - Level 12.1(16.5) Transmutations
 - Level 18.5(23.7) Ice Magic
 - Level 7.5(12.9) Air Magic
 - Level 13.1(15.3) Evocations


You had 12 spell levels left.
You knew the following spells:

 Your Spells              Type           Power      Damage    Failure   Level
a - Ozocubu's Refrigerat  Ice            36%        4d12      1%          7
b - Frozen Ramparts       Ice            100%       1d12      0%          3
c - Ozocubu's Armour      Ice            73%        N/A       0%          3
d - Freezing Cloud        Conj/Ice/Air   30%        6-21      1%          5
e - Summon Ice Beast      Ice/Summ       57%        N/A       1%          4
f - Passwall              Tmut/Erth      33%        N/A       1%          2
g - Yara's Violent Unrav  Hex/Tmut       26%        3d11      1%          5
h - Silence               Hex/Air        24%        N/A       1%          5
i - Irradiate             Conj/Tmut      28%        3d22      1%          5
j - Freeze                Ice            100%       1d11      0%          1
z - Wereblood             Tmut           60%        N/A       0%          2
Z - Blink                 Tloc           70%        N/A       1%          2

Your spell library contained the following spells:

 Spells                   Type           Power      Damage    Failure   Level
 Ensorcelled Hibernation  Hex/Ice        100%       N/A       0%          2
 Ice Form                 Ice/Tmut       67%        N/A       0%          4
 Apportation              Tloc           70%        N/A       1%          1
 Foxfire                  Conj/Fire      100%       2x1d9     1%          1
 Magic Dart               Conj           100%       1d8       1%          1
 Shock                    Conj/Air       100%       1d9       1%          1
 Sting                    Tmut/Pois      100%       1d8       1%          1
 Poisonous Vapours        Pois/Air       68%        N/A       1%          2
 Searing Ray              Conj           100%       2d8       1%          2
 Call Canine Familiar     Summ           32%        N/A       1%          3
 Confusing Touch          Hex            43%        N/A       1%          3
 Conjure Flame            Conj/Fire      33%        6-21      1%          3
 Dazzling Flash           Conj/Hex       94%        N/A       1%          3
 Gell's Gravitas          Tloc           35%        N/A       1%          3
 Inner Flame              Hex/Fire       29%        N/A       1%          3
 Lesser Beckoning         Tloc           35%        N/A       1%          3
 Portal Projectile        Hex/Tloc       78%        N/A       1%          3
 Stone Arrow              Conj/Erth      66%        3d11      1%          3
 Swiftness                Air            53%        N/A       1%          3
 Teleport Other           Tloc           35%        N/A       1%          3
 Tukima's Dance           Hex            43%        N/A       1%          3
 Cause Fear               Hex            21%        N/A       1%          4
 Fulminant Prism          Conj/Hex       23%        3d13      1%          4
 Hailstorm                Conj/Ice       63%        3d13      1%          4
 Petrify                  Tmut/Erth      40%        N/A       1%          4
 Summon Lightning Spire   Summ/Air       43%        N/A       1%          4
 Blade Hands              Tmut           30%        N/A       1%          5
 Iskenderun's Battlesphe  Conj           50%        2d10      1%          5
 Metabolic Englaciation   Hex/Ice        30%        N/A       1%          5
 Passage of Golubria      Tloc           35%        N/A       2%          4
 Sandblast                Erth           30%        2d9       3%          1
 Flame Wave               Conj/Fire      33%        2d8       3%          4
 Alistair's Intoxication  Tmut/Pois      26%        N/A       4%          5
 Conjure Ball Lightning   Conj/Air       26%        3x3d7     4%          6
 Dragon Form              Tmut           30%        N/A       4%          7
 Animate Skeleton         Necr           24%        N/A       5%          1
 Pain                     Necr           48%        1d6       5%          1
 Scorch                   Fire           30%        2d7       6%          2
 Leda's Liquefaction      Hex/Erth       14%        N/A       6%          4
 Simulacrum               Ice/Necr       25%        N/A       6%          6
 Anguish                  Hex/Necr       14%        N/A       8%          4
 Sublimation of Blood     Necr           12%        N/A       9%          2
 Vampiric Draining        Necr           12%        2d6       16%         3
 Statue Form              Tmut/Erth      26%        N/A       22%         6
 Polar Vortex             Ice            36%        N/A       32%         9
 Olgreb's Toxic Radiance  Pois           15%        N/A       38%         4
 Dispersal                Tloc           17%        N/A       41%         6
 Iron Shot                Conj/Erth      16%        9d4       52%         6
 Summon Cactus Giant      Summ           16%        N/A       54%         6
 Enfeeble                 Hex            21%        N/A       67%         7
 Spellforged Servitor     Conj/Summ      21%        N/A       73%         7
 Agony                    Necr           12%        N/A       83%         5
 Excruciating Wounds      Necr           6%         N/A       83%         5
 Malign Gateway           Summ/Tloc      17%        N/A       96%         7
 Summon Hydra             Summ           16%        N/A       98%         7
 Summon Horrible Things   Summ           16%        N/A       100%        8
 Chain Lightning          Conj/Air       26%        3d34      100%        9
 Dragon's Call            Summ           16%        N/A       100%        9


Dungeon Overview and Level Annotations

Branches:
Dungeon (15/15)            Temple (1/1) D:5            Lair (6/6) D:9
 Shoals (4/4) Lair:4        Snake (4/4) Lair:3        Slime (0/5) Lair:6
    Orc (2/2) D:10            Elf (0/3) Orc:2        Vaults (5/5) D:14
  Crypt (0/3) Vaults:2     Depths (4/4) D:15            Zot (3/5) Depths:4
  IceCv (visited)         Volcano (visited)

Altars:
Ashenzari
Cheibriados
Dithmenos
Elyvilon
Fedhas
Gozag
Hepliaklqana
Kikubaaqudgha
Makhleb
Nemelex Xobeh
Okawaru
Qazlal
Ru
Sif Muna
Trog
Uskayaw
Vehumet
Wu Jian
Xom
Yredelemnul
Zin
The Shining One
Lugonu

Shops:
D:1 *   D:7 (   D:8 *   D:13 =((   Orc:1 ?   Orc:2 ?[=(   Shoals:4 *
Snake:2 *   Snake:3 [(   Vaults:1 [   Vaults:2 :   Vaults:5 *   Depths:1 (*
Depths:4 *

Portals:
Hell: Depths:1 Depths:2 Depths:3 Depths:4
Abyss: Lair:6 Depths:2 Depths:3 Depths:4
Pandemonium: Depths:2 Depths:3 Depths:4
Ziggurat: Depths:4
Trove: D:15 (give 2 scrolls of acquirement)

Annotations:
D:3 3 runed translucent doors, xian's ghost, amateur PaMo
D:4 Grinder
Lair:4 exclusion: sensed monster (detected)
Lair:6 exclusion: 2 oklob plants
Vaults:4 1 exclusion
Zot:3 1 runed translucent door


Innate Abilities, Weirdness & Mutations

((You are very nimble when in or above water. (Stealth+, EV+, Speed+++)))
Your lower body shifts to a powerful aquatic tail in water.
You passively map a small area around you.
You are weak. (Str -2)
Your movements are slightly less encumbered by armour. (ER -2)


Message History

You feel extremely sick.
Unknown command.
You puncture the shadow dragon!
The shadow dragon is severely wounded.
You are engulfed in poison gas.
You are more poisoned.
You feel extremely sick. The shadow dragon misses you.
The shadow dragon completely misses you.
You block the shadow dragon's attack.
You cannot drink potions in your current state!
Unknown command.
Casting: Irradiate (mildly dangerous; 1% risk of failure)
Confirm with . or Enter, or press ? or * to list all spells.
You erupt in a fountain of uncontrolled magic!
The shadow dragon is blasted with magical radiation!!!
You kill the shadow dragon!
The yellow draconian annihilator is blasted with magical radiation!!
The yellow draconian annihilator is almost dead.
The yellow draconian annihilator twists and deforms.
You are engulfed in poison gas.
You are lethally poisoned!
* * * LOW HITPOINT WARNING * * *
You feel extremely sick.
The yellow draconian annihilator casts a spell at you.
The poison arrow hits you!!
You are more poisoned.
* * * LOW HITPOINT WARNING * * *
Unknown command.
Unknown command.
Unknown command.
Unknown command.
Unknown command.
Unknown command.
You barely miss the yellow draconian annihilator.
The yellow draconian annihilator is almost dead.
You are engulfed in poison gas.
You are more poisoned.
* * * LOW HITPOINT WARNING * * *
You die...

...#.........###.. ,*
...+.........##...,,
* ...#.........#§§§§,
...##.......##..☼###*
..####.....###.°§§##
#'#..##...####....§#
......#+#'######...#
...#.#......###.q..#
.#.###'#....##..@.##
####...##.........##
###.....##......####
##.>.....##....#####
#.........#######
#.........# *
##'#......# * ,***
...##....##** { ,
....##..## , * ,


You could see a yellow draconian annihilator (slow, catching breath, misshapen).

Vanquished Creatures
  A dread lich (Vaults:5)
  2 ancient liches (Vaults:5)
  Bai Suzhen (Shoals:4)
  A Killer Klown (Zot:3)
  A caustic shrike (Depths:3)
  Vashnia (Snake:4)
  Nikola (Shoals:2)
  A profane servitor (Abyss:3)
  10 golden dragons
  Jory (Vaults:2)
  2 bone dragons (Depths:4)
  6 liches
  14 tentacled monstrosities
  6 quicksilver dragons
  A walking earthen tome (Depths:3)
  8 death cobs
  4 sphinxes
  A walking frostbound tome (Depths:3)
  A kraken (Shoals:1)
  3 titans
  A tentacled starspawn (Abyss:2)
  8 shadow dragons
  12 storm dragons
  10 tengu reavers
  4 nagarajas (Snake:4)
  3 draconian knights (Zot:1)
  Ilsuiw (Shoals:4)
  8 draconian monks
  3 deep elf sorcerers
  12 frost giants
  9 fire giants
  A balrug (Abyss:2)
  7 draconian scorchers
  9 draconian shifters
  3 iron dragons
  Aizul (Shoals:1)
  A ghost moth (Zot:3)
  17 vault wardens
  22 very ugly things
  A draconian stormcaller (Zot:1)
  6 draconian annihilators
  4 war gargoyles
  18 ironbound preservers
  9 ironbound thunderhulks
  14 stone giants
  6 green draconians
  13 purple draconians
  4 vampire knights
  A deep elf demonologist (Vaults:5)
  13 red draconians
  Azrael (Snake:2)
  7 black draconians
  14 yellow draconians
  7 dire elephants
  A deep elf annihilator (Vaults:5)
  3 spark wasps
  6 merfolk javelineers (Shoals:4)
  5 white draconians
  A blizzard demon (Depths:2)
  An entropy weaver (Vaults:4)
  2 crystal guardians
  12 fire dragons
  8 ettins
  A spectral kraken (Shoals:2)
  12 merfolk impalers
  3 jiangshi
  12 yaktaur captains
  The ghost of Gelos the Unseen, a journeyman KoBr of Gozag (D:12)
  6 great orbs of eyes
  5 rakshasas
  2 salamander tyrants
  7 ice dragons
  39 vault guards
  Josephine (D:12)
  7 hydras
  3 boulder beetles
  2 peacekeepers
  5 spriggan air magi
  An ogre mage (Vaults:5)
  16 anacondas
  6 centaur warriors
  A death knight (Abyss:2)
  3 ghost crabs (Shoals:2)
  A hell beast (Depths:4)
  A catoblepas (D:14)
  15 ironbound frosthearts
  2 merfolk aquamancers (Shoals:4)
  2 satyrs
  8 death yaks
  17 naga warriors
  3 tengu warriors
  6 two-headed ogres
  3 merfolk avatars
  2 vampire magi
  6 deep troll shamans
  A hell hog (Depths:4)
  4 naga sharpshooters
  17 deep troll earth magi
  4 thrashing horrors
  3 orc high priests (Orc:2)
  A sun demon (Volcano)
  3 shock serpents
  Sonja (D:12)
  A soul eater (Depths:4)
  10 spriggan berserkers
  5 hell knights
  7 spriggans
  4 iron trolls
  5 skeletal warriors (D:14)
  A wretched star (Abyss:2)
  6 salamander mystics
  2 glowing orange brains
  6 large abominations
  9 sea snakes
  3 starcursed masses (Abyss:3)
  66 deep trolls
  8 orc knights
  A flayed ghost (Vaults:5)
  7 lindwurms
  8 wizards
  20 ironbound convokers
  A tengu zombie (Abyss:2)
  5 naga ritualists
  A sphinx zombie (Vaults:3)
  8 harpies
  8 phantasmal warriors
  A deep elf zephyrmancer (D:15)
  8 necromancers
  7 mana vipers
  38 ugly things
  A stone giant zombie (Vaults:3)
  A salamander (shapeshifter) (D:14)
  23 salamanders
  2 oklob plants (Snake:3)
  5 orc sorcerers (Orc:2)
  2 spectral merfolk (Shoals:2)
  3 fauns
  A worldbinder (Abyss:3)
  A stone giant skeleton (Vaults:3)
  21 cyclopes
  15 manticores
  4 moths of wrath
  34 black mambas
  7 merfolk sirens
  6 elephants (Lair:3)
  2 elephants (shapeshifter)
  21 naga magi
  6 water nymphs
  2 smoke demons
  10 vault sentinels
  An ice statue (Lair:2)
  A torpor snail (Lair:2)
  3 apocalypse crabs
  5 guardian serpents
  A rust devil (Depths:4)
  4 molten gargoyles
  15 cane toads
  A human skeleton (Vaults:3)
  A gargoyle (D:11)
  15 komodo dragons
  28 yaktaurs
  3 kobold demonologists
  5 freezing wraiths
  5 rime drakes
  2 tengu conjurers (D:15)
  2 tormentors
  2 efreet
  An ancient zyme (Lair:6)
  An ice devil (Depths:4)
  A red devil (Volcano)
  5 hellwings (Abyss:2)
  2 yaktaurs (shapeshifter)
  3 meliai (D:13)
  23 merfolk
  5 trolls
  5 polar bears
  A polar bear (shapeshifter) (Vaults:5)
  7 wind drakes
  A wolf spider simulacrum (Lair:5)
  7 hornets
  20 blink frogs (Lair:6)
  A spectral manticore (Shoals:2)
  35 slime creatures
  10 snapping turtles
  16 dream sheep
  5 raiju
  A centaur simulacrum (D:15)
  7 ynoxinuls
  2 dire elephant simulacra (Lair:5)
  A shadow (D:9)
  12 wraiths
  5 water elementals
  4 fire elementals (Snake:2)
  2 wyverns
  57 yaks
  2 fire bats (Volcano)
  2 steam dragons
  5 basilisks
  A chaos spawn (Lair:6)
  9 humans (D:14)
  3 redbacks (Vaults:4)
  9 vampire mosquitoes
  A redback (shapeshifter) (Depths:2)
  A warg (Vaults:5)
  42 nagas
  3 acid dragons
  25 water moccasins
  A spectral snapping turtle (Shoals:2)
  3 hell hounds
  A nameless horror (Lair:6)
  A floating eye (shapeshifter) (Vaults:5)
  7 ice beasts
  A swamp drake (D:7)
  22 orc warriors
  4 black bears
  10 boggarts
  10 wolves
  13 centaurs
  8 ogres
  2 phantoms
  Blork the orc (D:6)
  5 kobold brigands
  7 bullfrogs
  3 necrophages
  A gnoll sergeant (D:5)
  3 scorpions (D:6)
  9 wights
  3 killer bees (D:8)
  4 lindwurm simulacra (IceCv)
  3 electric eels
  6 howler monkeys
  9 lava snakes
  8 komodo dragon simulacra (IceCv)
  2 quasits (Abyss:2)
  5 hounds
  2 jellies
  20 orc priests
  A water moccasin simulacrum (Lair:5)
  An iron imp (Abyss:2)
  5 iguanas
  22 orc wizards
  7 hell rats (Lair:5)
  A bullfrog simulacrum (Lair:5)
  13 small abominations
  2 acid dragon simulacra (IceCv)
  8 adders
  10 gnolls
  5 white imps
  3 ufetubi
  7 steam dragon simulacra (IceCv)
  3 worms
  5 dart slugs
  45 orcs
  4 bats
  7 endoplasms
  3 giant cockroaches
  9 goblins
  2 hobgoblins
  5 quokkas
  6 ball pythons (D:2)
  2 frilled lizards (D:1)
  24 kobolds
  5 rats
  3 bushes (Shoals:2)
  A lurking horror (Abyss:3)
  4 tentacles
1825 creatures vanquished.

Vanquished Creatures (collateral kills)
  A tentacled monstrosity (Shoals:1)
  An ironbound thunderhulk (Vaults:2)
  A merfolk impaler (Shoals:1)
  2 ancient zymes (Lair:6)
  A large abomination (Lair:6)
  A blink frog (Lair:6)
  A yak (Lair:6)
  A chaos spawn (Lair:6)
  A hell hound (Abyss:2)
  2 small abominations (Lair:6)
12 creatures vanquished.

Vanquished Creatures (others)
  A draconian knight (Zot:1)
  An ironbound frostheart (Vaults:1)
  A naga warrior (Snake:4)
  A merfolk siren (Shoals:2)
  A naga mage (Snake:2)
  An ancient zyme (Abyss:2)
  A raiju (Abyss:2)
  A human (D:14)
  An ogre (Vaults:5)
  A small abomination (Abyss:2)
  4 demonic plants (Abyss:3)
  25 fungi
  97 plants
  4 starspawn tentacles (Abyss:2)
  19 tentacles
  7 withered plants (Shoals:2)
166 creatures vanquished.

Grand Total: 2003 creatures vanquished

Notes
Turn   | Place    | Note
-------+----------+-------------------------------------------
     0 | D:1      | Pelinal the Merfolk Ice Elementalist began the quest for
                  | the Orb.
     0 | D:1      | Reached XP level 1. HP: 13/13 MP: 3/3
   321 | D:1      | Reached XP level 2. HP: 17/19 MP: 0/5
   328 | D:1      | Reached skill level 3 in Dodging
   818 | D:1      | Found Paabip's Assorted Antiques.
  1179 | D:2      | Reached skill level 5 in Ice Magic
  1179 | D:2      | Reached XP level 3. HP: 24/24 MP: 4/6
  1286 | D:2      | Learned a level 3 spell: Frozen Ramparts
  2142 | D:2      | Reached XP level 4. HP: 30/30 MP: 7/7
  2162 | D:2      | Learned a level 3 spell: Ozocubu's Armour
  2261 | D:3      | Got the Guide on Unstable Poisoning
  2441 | D:3      | Reached XP level 5. HP: 35/35 MP: 8/8
  2496 | D:3      | Found a runed translucent gate.
  2497 | D:3      | Found a runed translucent gate.
  2498 | D:3      | Found a runed translucent gate.
  2499 | D:3      | Noticed xian's ghost (amateur PaMo)
  2926 | D:4      | Noticed Grinder
  2949 | D:4      | Noticed a steam dragon
  2957 | D:4      | Killed a steam dragon
  2958 | D:4      | Reached XP level 6. HP: 18/41 MP: 9/9
  3202 | D:4      | Reached skill level 1 in Polearms
  3383 | D:4      | Found a shimmering blue altar of Sif Muna.
  3392 | D:4      | Reached XP level 7. HP: 35/46 MP: 10/10
  3533 | D:4      | Reached skill level 5 in Stealth
  3601 | D:4      | Found an ancient bone altar of Kikubaaqudgha.
  3610 | D:4      | Found a stormy altar of Qazlal.
  3723 | D:4      | Reached skill level 4 in Dodging
  4055 | D:5      | Entered Level 5 of the Dungeon
  4074 | D:5      | Found a staircase to the Ecumenical Temple.
  4084 | Temple   | Entered the Ecumenical Temple
  4149 | Temple   | Became a worshipper of Ashenzari the Shackled
  4584 | D:5      | Found a radiant altar of Vehumet.
  4584 | D:5      | Found a glowing silver altar of Zin.
  4592 | D:5      | Reached skill level 5 in Dodging
  4593 | D:5      | Reached XP level 8. HP: 52/52 MP: 11/11
  4835 | D:5      | Reached skill level 5 in Polearms
  4835 | D:5      | Reached skill level 6 in Dodging
  5159 | D:6      | Noticed Blork the orc
  5173 | D:6      | Killed Blork the orc
  5188 | D:6      | Reached skill level 7 in Dodging
  5390 | D:6      | Reached skill level 8 in Dodging
  5452 | D:6      | Reached XP level 9. HP: 53/57 MP: 12/12
  5586 | D:6      | Reached skill level 9 in Dodging
  5999 | D:7      | Reached skill level 10 in Dodging
  6439 | D:7      | Reached * piety under Ashenzari
  6565 | D:7      | Reached skill level 10 in Polearms
  6606 | D:7      | Found Wyrat's Antique Weapon Emporium.
  6836 | D:8      | Found Oplopt's General Store.
  6914 | D:8      | Reached skill level 11 in Dodging
  6914 | D:8      | Found a hide-covered altar of Uskayaw.
  6914 | D:8      | Noticed a +0 falchion
  6951 | D:8      | Noticed a +0 spear
  6952 | D:8      | Noticed a +0 spear
  6952 | D:8      | Noticed a +0 dagger
  6952 | D:8      | Noticed a +0 dagger
  6953 | D:8      | Noticed a +0 short sword
  6954 | D:8      | Noticed a +0 short sword
  6954 | D:8      | Noticed a +0 falchion
  7078 | D:8      | Found a snail-covered altar of Cheibriados.
  7114 | D:8      | Reached XP level 10. HP: 52/62 MP: 14/14
  7591 | D:9      | Noticed a kobold demonologist
  7594 | D:9      | Gained mutation: You are frail. (-10% HP) [a neqoxec]
  7604 | D:9      | Gained mutation: You are very frail. (-20% HP) [a neqoxec]
  7630 | D:9      | Killed a kobold demonologist
  7635 | D:9      | Lost mutation: You are very frail. (-20% HP) [potion of
                  | mutation]
  7635 | D:9      | Lost mutation: You are frail. (-10% HP) [potion of
                  | mutation]
  7635 | D:9      | Gained mutation: You are weak. (Str -2) [potion of
                  | mutation]
  7635 | D:9      | Gained mutation: You passively map a small area around you.
                  | [potion of mutation]
  7635 | D:9      | Gained mutation: Your movements are slightly less
                  | encumbered by armour. (ER -2) [potion of mutation]
  7763 | D:9      | Reached skill level 12 in Dodging
  8192 | D:9      | Reached ** piety under Ashenzari
  8451 | D:9      | Found a staircase to the Lair.
  8548 | D:10     | Entered Level 10 of the Dungeon
  8609 | D:10     | Reached skill level 13 in Dodging
  8632 | D:10     | Found an ornate altar of the Wu Jian Council.
  8699 | D:10     | Found a staircase to the Orcish Mines.
  8898 | D:10     | Reached XP level 11. HP: 66/68 MP: 6/15
  8906 | D:10     | Reached skill level 14 in Dodging
  9223 | D:10     | Found a blossoming altar of Fedhas.
  9326 | Lair:1   | Entered Level 1 of the Lair of Beasts
  9465 | Lair:1   | Reached skill level 15 in Dodging
  9465 | Lair:1   | Reached skill level 1 in Evocations
  9841 | Lair:1   | Noticed a six-headed hydra
  9887 | Lair:1   | Killed a six-headed hydra
  9941 | Lair:1   | Noticed a death yak
  9961 | Lair:1   | Noticed a death yak
  9963 | Lair:1   | Noticed a death yak
  9979 | Lair:1   | Killed a death yak
  9980 | Lair:1   | Reached skill level 1 in Fighting
  9980 | Lair:1   | Reached skill level 1 in Shields
  9991 | Lair:1   | Killed a death yak
  9998 | Lair:1   | Killed a death yak
 10018 | Lair:1   | Learned a level 4 spell: Summon Ice Beast
 10125 | Lair:1   | Noticed a death yak
 10144 | Lair:1   | Killed a death yak
 10145 | Lair:1   | Reached XP level 12. HP: 31/86 MP: 7/16
 10207 | Lair:1   | Noticed a death yak
 10226 | Lair:1   | Killed a death yak
 10233 | Lair:1   | Reached skill level 5 in Fighting
 10357 | Lair:1   | Found a snail-covered altar of Cheibriados.
 10400 | Lair:1   | Reached skill level 5 in Shields
 10783 | Lair:2   | Found a frozen archway.
 10794 | IceCv    | Entered an ice cave
 10819 | IceCv    | Reached *** piety under Ashenzari
 10864 | IceCv    | Reached skill level 1 in Throwing
 10917 | IceCv    | Identified the Catalogue of the Several Youths
 11419 | IceCv    | Noticed a white draconian
 11477 | IceCv    | Killed a white draconian
 11479 | IceCv    | Found the ring of the Tortoise {AC+8}
 11480 | IceCv    | Identified the ring "Viqop" {Int+2 Dex+3 SInv Stlth-}
 11811 | Lair:2   | Reached skill level 5 in Throwing
 11949 | Lair:2   | Noticed a six-headed hydra
 12007 | Lair:2   | Killed a six-headed hydra
 12590 | Lair:2   | Identified the +3 war axe of Lud Vaaz {flame, rCorr}
 12590 | Lair:2   | Identified the +5 glaive of Disorder {vorpal, Dex+5 Stlth+}
 12681 | Lair:2   | Reached XP level 13. HP: 101/101 MP: 16/18
 13286 | Lair:3   | Reached skill level 5 in Evocations
 13725 | Lair:3   | Found a staircase to the Snake Pit.
 14469 | Lair:4   | Found a staircase to the Shoals.
 14893 | Lair:4   | Reached **** piety under Ashenzari
 15230 | Lair:5   | Found a transporter.
 15401 | Lair:4   | Reached skill level 1 in Armour
 15720 | Lair:5   | Identified the +2 helmet of Wariness {rPois rC- Str+2 SInv}
 15835 | Lair:5   | Found a transporter.
 16380 | Lair:5   | Reached skill level 10 in Shields
 17149 | Lair:6   | Entered Level 6 of the Lair of Beasts
 17216 | Lair:6   | Reached XP level 14. HP: 110/110 MP: 15/19
 17445 | Lair:6   | Learned a level 5 spell: Irradiate
 17539 | Lair:6   | Found a staircase to the Slime Pits.
 17582 | Lair:6   | Reached skill level 1 in Conjurations
 17582 | Lair:6   | Reached skill level 1 in Transmutations
 17877 | Lair:6   | Reached skill level 1 in Summonings
 18440 | Lair:6   | Reached skill level 5 in Summonings
 18913 | Lair:6   | Found a corrupted altar of Lugonu.
 18913 | Lair:6   | Found a one-way gate to the infinite horrors of the Abyss.
 19065 | Lair:6   | Reached skill level 5 in Transmutations
 19620 | Orc:1    | Entered Level 1 of the Orcish Mines
 19712 | D:8      | Bought a phantom mirror for 600 gold pieces
 19864 | Orc:1    | Found a dark tunnel.
 19872 | Volcano  | Entered a volcano
 20150 | Volcano  | Found a bloodstained altar of Trog.
 20600 | Orc:2    | Entered Level 2 of the Orcish Mines
 21076 | Orc:2    | Found Unuehif's Weapon Boutique.
 21092 | Orc:2    | Reached XP level 15. HP: 103/116 MP: 13/20
 21231 | Orc:1    | Found Leym's Magic Scroll Boutique.
 21258 | Orc:1    | Bought a scroll of blinking for 97 gold pieces
 21432 | Orc:2    | Reached skill level 16 in Dodging
 21535 | Orc:2    | Found Oxkug's Magic Scroll Boutique.
 21542 | Orc:2    | Found Sahuxt's Jewellery Shoppe.
 21544 | Orc:2    | Found Ine Hean's Armour Shoppe.
 21607 | Orc:2    | Bought a +6 ring of dexterity for 819 gold pieces
 21607 | Orc:2    | Bought an amulet of magic regeneration for 420 gold pieces
 21735 | Orc:2    | Found a staircase to the Elven Halls.
 23632 | D:12     | Found a large runed translucent door.
 23632 | D:12     | Found a large runed translucent door.
 23739 | D:12     | Noticed Sonja
 23753 | D:12     | Killed Sonja
 24445 | D:12     | Noticed Josephine
 24667 | D:12     | Killed Josephine
 24697 | D:12     | Noticed Gelos's ghost (journeyman KoBr)
 24925 | D:12     | Identified the +6 leather armour "Dann" {Int+6 Dex+2}
 24981 | D:12     | Killed Gelos's ghost
 25229 | D:13     | Learned a level 5 spell: Freezing Cloud
 25418 | D:13     | Identified a scroll of acquirement
 25547 | D:13     | Reached skill level 1 in Air Magic
 25553 | D:13     | Reached skill level 5 in Conjurations
 25636 | D:13     | Found Culoa's Jewellery Shop.
 25637 | D:13     | Found Wikh's Weapon Shoppe.
 25764 | D:13     | Acquired 967 gold pieces
 25770 | D:13     | Bought the ring of Lusempo {rF++ Str+3 Slay+4} for 1168
                  | gold pieces
 25884 | D:13     | Found Mawang's Antique Weapon Shoppe.
 26222 | D:14     | Reached skill level 10 in Ice Magic
 26478 | D:14     | Identified the +6 hand axe of Megalomania {freeze, rElec
                  | Int+3}
 27447 | D:14     | Reached XP level 16. HP: 123/123 MP: 21/23
 27459 | D:14     | Found a gate to the Vaults.
 27508 | D:15     | Entered Level 15 of the Dungeon
 27617 | D:15     | Found a staircase to the Depths.
 27891 | D:15     | Found a portal to a secret trove of treasure.
 28444 | Shoals:1 | Entered Level 1 of the Shoals
 28650 | Shoals:1 | Reached skill level 5 in Air Magic
 28856 | Shoals:1 | Noticed Aizul
 28877 | Shoals:1 | Killed Aizul
 29520 | Shoals:1 | Noticed a tentacled monstrosity
 29522 | Shoals:1 | Identified the Grimoire of Mad Ravings
 29522 | Shoals:1 | Identified the ring "Bisy" {+Blink Will+ Str-2 SInv Stlth+}
 29538 | Shoals:1 | Killed a tentacled monstrosity
 29577 | Shoals:1 | Noticed a kraken
 29593 | Shoals:1 | Killed a kraken
 29761 | Shoals:2 | Reached skill level 5 in Spellcasting
 30146 | Shoals:2 | Identified the +0 animal skin of Liberalism {+Inv rCorr
                  | Str-2 SInv}
 30582 | Shoals:2 | Noticed Nikola
 30616 | Shoals:2 | Killed Nikola
 31054 | Shoals:3 | Reached XP level 17. HP: 93/129 MP: 10/28
 31347 | Shoals:3 | Identified the +4 ring mail of Umiz {+Blink rF++ Dex-5
                  | Slay-5}
 31556 | Shoals:3 | Learned a level 2 spell: Passwall
 32001 | Shoals:4 | Entered Level 4 of the Shoals
 32183 | Shoals:4 | Reached skill level 10 in Transmutations
 32451 | Shoals:4 | Got a barnacled rune of Zot
 32518 | Shoals:4 | Found Oka Deg's Assorted Antiques.
 32531 | Shoals:4 | Bought a potion of heal wounds for 160 gold pieces
 32541 | Shoals:4 | Noticed Bai Suzhen
 32542 | Shoals:4 | Noticed Ilsuiw
 32563 | Shoals:4 | Killed Bai Suzhen
 32611 | Shoals:4 | Killed Ilsuiw
 33748 | Snake:1  | Entered Level 1 of the Snake Pit
 33974 | Snake:1  | Identified the +3 fustibalus of Lies {flame, Str+3}
 34837 | Orc:2    | Bought a +2 pair of gloves of infusion for 344 gold pieces
 35059 | Snake:1  | Reached skill level 10 in Evocations
 35059 | Snake:1  | Reached XP level 18. HP: 134/134 MP: 26/29
 35441 | Snake:2  | Learned a level 2 spell: Blink
 35503 | Snake:2  | Reached skill level 1 in Translocations
 35534 | Snake:2  | Found Radib's Gadget Gallery.
 35631 | Snake:2  | Noticed Azrael
 35636 | Snake:2  | Killed Azrael
 35941 | Snake:3  | Found Hunnia's Firing Range.
 35977 | Snake:3  | Reached skill level 17 in Dodging
 36013 | Snake:3  | Found Wois's Antique Armour Boutique.
 36021 | Snake:3  | Bought an embroidered cloak for 202 gold pieces
 36552 | Snake:4  | Entered Level 4 of the Snake Pit
 36697 | Snake:4  | Reached skill level 18 in Dodging
 37254 | Snake:4  | Reached skill level 10 in Stealth
 37313 | Snake:4  | Noticed Vashnia
 37341 | Snake:4  | Killed Vashnia
 37367 | Snake:4  | Reached XP level 19. HP: 141/141 MP: 12/31
 37487 | Snake:4  | Got a serpentine rune of Zot
 38616 | Vaults:1 | Entered Level 1 of the Vaults
 39275 | Vaults:1 | Found Sufics's Antique Armour Shop.
 39397 | Vaults:1 | Bought a pair of boots for 103 gold pieces
 39545 | Vaults:1 | Identified the +6 falchion "Ebbeileec" {flame, Fly Dex+7}
 40440 | Vaults:2 | Found a staircase to the Crypt.
 41010 | Vaults:2 | Identified the +10 arbalest "Cerchiozai" {venom, Fly rElec
                  | rC++ Dex-5}
 41016 | Vaults:2 | Reached skill level 10 in Fighting
 41151 | Vaults:2 | Reached skill level 19 in Dodging
 41470 | Vaults:2 | Noticed Jory
 41473 | Vaults:2 | Reached XP level 20. HP: 153/153 MP: 7/34
 41489 | Vaults:2 | Killed Jory
 41793 | Vaults:2 | Identified the +8 rapier "Baebaok" {pain, rPois rN+}
 41837 | Vaults:2 | Found Otsaol's Book Boutique.
 41844 | Vaults:2 | Bought a book of Blood for 336 gold pieces
 41849 | Vaults:2 | Learned a level 2 spell: Wereblood
 41890 | Vaults:2 | Noticed a golden dragon
 41924 | Vaults:2 | Killed a golden dragon
 43070 | Vaults:2 | Bought Great Wizards, Vol. VII for 360 gold pieces
 43078 | Vaults:2 | Learned a level 5 spell: Yara's Violent Unravelling
 43239 | Vaults:3 | Reached ***** piety under Ashenzari
 43303 | Vaults:3 | Reached skill level 1 in Hexes
 44025 | Vaults:3 | Reached skill level 5 in Hexes
 44449 | Vaults:4 | Paralysed by a great orb of eyes for 5 turns
 45130 | Vaults:4 | Reached XP level 21. HP: 160/163 MP: 21/36
 45201 | Vaults:4 | Reached skill level 20 in Dodging
 45960 | Vaults:5 | Entered Level 5 of the Vaults
 46047 | Vaults:5 | Noticed an ancient lich
 46075 | Vaults:5 | Killed an ancient lich
 46241 | Vaults:5 | Identified the Reference Book on the Frostbite
 46250 | Vaults:5 | Cast into level 2 of the Abyss (a deep elf sorcerer)
 46422 | Abyss:2  | Identified the cursed +0 pair of boots "Shattered Augurer"
                  | {Alch, Elem} (You bought it in a shop on level 1 of the
                  | Vaults)
 46563 | Abyss:2  | Paralysed by you for 3 turns
 46741 | Abyss:3  | Found a corrupted altar of Lugonu.
 46821 | Abyss:3  | Noticed a bone dragon
 46934 | Abyss:3  | Noticed a profane servitor
 46962 | Abyss:3  | Killed a profane servitor
 46985 | Vaults:5 | Escaped the Abyss
 47671 | Vaults:5 | Noticed a dread lich
 47703 | Vaults:5 | Killed a dread lich
 47719 | Vaults:5 | Reached skill level 15 in Ice Magic
 47719 | Vaults:5 | Reached XP level 22. HP: 71/175 MP: 17/37
 48049 | Vaults:5 | Found Zanelin's General Store.
 48059 | Vaults:5 | Bought 4 atropa-tipped darts for 48 gold pieces
 48174 | Vaults:5 | Identified the +1 trident of the Past {vorpal, rElec Dex+2
                  | Stlth+}
 48305 | Vaults:5 | Noticed a golden dragon
 48323 | Vaults:5 | Got a silver rune of Zot
 48447 | Vaults:5 | Killed a golden dragon
 48882 | Vaults:5 | Identified Cigulash's Incunabulum of Glamour
 48975 | Vaults:5 | Noticed an ancient lich
 48986 | Vaults:5 | Learned a level 5 spell: Silence
 48989 | Vaults:5 | Noticed a golden dragon
 48999 | Vaults:5 | Noticed a golden dragon
 49089 | Vaults:5 | Killed an ancient lich
 49393 | Vaults:5 | Killed a golden dragon
 49816 | Vaults:5 | Bought a potion of heal wounds for 100 gold pieces
 49816 | Vaults:5 | Bought a potion of might for 80 gold pieces
 49959 | Vaults:5 | Killed a golden dragon
 50229 | Depths:1 | Entered Level 1 of the Depths
 50521 | Depths:1 | Found Pydditoh's Antique Weapon Shop.
 50696 | Depths:1 | Learned a level 7 spell: Ozocubu's Refrigeration
 50900 | Depths:1 | Found a white marble altar of Elyvilon.
 50928 | Depths:1 | Found Dompid's General Store.
 50934 | Depths:1 | Bought a +1 pair of gloves of strength for 396 gold pieces
 50934 | Depths:1 | Bought a scroll of enchant armour for 180 gold pieces
 50934 | Depths:1 | Bought 6 atropa-tipped darts for 86 gold pieces
 50982 | Depths:1 | Found a gateway to Hell.
 51326 | Depths:2 | Reached skill level 10 in Spellcasting
 51340 | Depths:2 | Noticed a golden dragon
 51353 | Depths:2 | Killed a golden dragon
 51724 | Depths:2 | Reached XP level 23. HP: 173/181 MP: 27/40
 52200 | Depths:2 | Found a one-way gate leading to the halls of Pandemonium.
 53149 | Depths:3 | Noticed a golden dragon
 53165 | Depths:3 | Found a runed translucent door.
 53240 | Depths:3 | Found a runed translucent door.
 53240 | Depths:3 | Found a runed translucent door.
 53240 | Depths:3 | Noticed a caustic shrike
 53261 | Depths:3 | Killed a caustic shrike
 53357 | Depths:3 | Reached skill level 21 in Dodging
 53363 | Depths:3 | Noticed a golden dragon
 53382 | Depths:3 | Killed a golden dragon
 53634 | Depths:3 | Killed a golden dragon
 54166 | Depths:4 | Entered Level 4 of the Depths
 54166 | Depths:4 | Found Urchinn's General Store.
 54168 | Depths:4 | Noticed a golden dragon
 54214 | Depths:3 | Killed a golden dragon
 54215 | Depths:3 | Reached XP level 24. HP: 96/190 MP: 28/43
 54336 | Depths:4 | Found a gate to the Realm of Zot.
 54380 | Depths:4 | Bought a scroll of enchant weapon for 120 gold pieces
 54483 | Depths:4 | Reached skill level 5 in Armour
 54517 | Depths:4 | Found a one-way gateway to a ziggurat.
 54979 | Depths:4 | Found a shimmering altar of Xom.
 55776 | Depths:4 | Reached skill level 15 in Shields
 56293 | Depths:4 | Reached skill level 22 in Dodging
 56321 | Zot:1    | Entered Level 1 of the Realm of Zot
 57144 | Zot:1    | Reached skill level 15 in Fighting
 57792 | Zot:2    | Reached XP level 25. HP: 189/202 MP: 14/43
 58557 | Zot:3    | Reached skill level 23 in Dodging
 58702 | Zot:3    | Identified the +0 robe of Ruowub {Int+4}
 58705 | Zot:3    | Found a runed translucent door.
 59103 | Zot:3    | Noticed a Killer Klown
 59128 | Zot:3    | Killed a Killer Klown
 59341 | Zot:3    | HP: 6/196 [something (6)]
 59341 | Zot:3    | Succumbed to poison (poison gas)

Illustrated notes

Levels and vault maps discovered:
D:1:      nicolae_arrival_somewhat_less_tricky_arrival, layout_rooms,
          serial_shops, nicolae_shop_behind_doors
D:2:      layout_loops_cross
D:3:      layout_loops_ring, gammafunk_ghost_split
D:4:      layout_loops_ring, nicolae_sif_muna_condensation,
          amethyst_overflow_temple_binary, uniq_grinder
D:5:      layout_loops_cross, chequers_temple_overflow_statue_of_worship,
          minmay_temple_entry_sparse_star
D:6:      layout_basic, uniq_blork_the_orc
D:7:      layout_rooms, serial_shops, shop
D:8:      layout_basic, mainiacjoe_overflow_24_doors, nicolae_uskayaw_en_pointe,
          serial_shops, shop
D:9:      layout_loops_ring, david_lair_shrubbed
D:10:     layout_rooms, fedhas_altar_fruit_tree, nicolae_wu_jian_wuxing_cycle,
          kennysheep_cluttered_room
D:11:     layout_layer_cave
D:12:     layout_gridville, ebering_ghost_disaster_area, uniq_sonja,
          uniq_josephine
D:13:     layout_irregular_city, serial_shops, shop, nicolae_shop_waterfront,
          nicolae_square_shop
D:14:     layout_stronghold, ximxim_vaults_locker_room, minivault_4,
          kennysheep_generic_room_10
D:15:     hangedman_depths_entry_civil_slaughter, layout_basic,
          nicolae_trove_entry_isolated
Temple:   nicolae_temple_figure_eight
Lair:1:   layout_loops_ring, basic_altar, lemuel_fruit_tree, grunt_megastairs_1
Lair:2:   nzn_winding_woodlands_small [nzn_winding_woodlands_5x15_lazy_stream,
          nzn_winding_woodlands_center_garden,
          nzn_winding_woodlands_5x15_crooked], layout_regular_city,
          portal_ice_cave_entry_pillars_2, ice2_lemuel
Lair:3:   layout_gridlike, minmay_snake_entry_six_corridors,
          nicolae_quartered_pool_super
Lair:4:   cheibrodos_magma_flow, layout_long_grid, minmay_shoals_entry_beasts
Lair:5:   gammafunk_cloud_chamber, layout_hall_layers, grunt_megastairs_3
Lair:6:   hellmonk_lair_end_abyssal_woods, layout_layer_cave,
          minmay_slime_entry_oklob_open
Shoals:1: dreamdust_from_the_deep, layout_shoals, uniq_aizul
Shoals:2: argonaut_golden_fleece, layout_shoals, nicolae_shoals_spectral_cove,
          uniq_nikola
Shoals:3: layout_shoals
Shoals:4: shoals_end_grunt_ice, layout_shoals, shoals_ilsuiw_alternative,
          serial_shops, nicolae_shop_overgrown_old_shop, uniq_bai_suzhen
Snake:1:  layout_concentric_octagons, grunt_megastairs_4
Snake:2:  layout_misc_corridors, drop_trap, grunt_ministairs_8,
          nicolae_shop_gadgets, uniq_azrael
Snake:3:  dpeg_oklob_gauntlet, layout_onion, serial_shops, nicolae_shop_stone,
          nicolae_shop_firing_range
Snake:4:  johnstein_snake_rune_scales, layout_cave_town
Orc:1:    layout_diamond_mine, nicolae_volcano_entry_hallway, serial_shops,
          shop_coins
Orc:2:    st_orc_elflike, layout_caves
Vaults:1: v_pattern_1, v_alt_pattern_1, ontoclasm_vaults_ring_small,
          ontoclasm_vaults_ring_large, ontoclasm_vaults_twist,
          grunt_vaults_diagonal, grunt_vaults_hallway_short, v_misc_22,
          vaults_dpeg_encased_lava, hangedman_vaults_corner_blocks,
          layout_vaults_omnibox, serial_shops, shop
Vaults:2: nicolae_vaults_ring_of_whatevers, nicolae_vaults_mini_display_case,
          grunt_vaults_twisty, vaults_dpeg_doors,
          nicolae_vaults_yaktaur_gun_rack, v_misc_9, vaults_room_corners,
          v_misc_22, minmay_crypt_entry_simple_statues, v_misc_13,
          hangedman_vaults_cutoff, layout_vaults_omnicross, serial_shops, shop,
          uniq_jory
Vaults:3: nicolae_vaults_an_arrangement, vaults_room_pool,
          nicolae_vaults_back_hallway, vaults_room_semicircle,
          ontoclasm_vaults_eye, v_misc_13, ontoclasm_vaults_shuriken,
          ontoclasm_vaults_chip, layout_vaults_omnigrid
Vaults:4: nicolae_vaults_little_squares_3, vaults_room_pool,
          nicolae_vaults_network_periphery, hangedman_vaults_nails,
          hangedman_vaults_impose, v_misc_12, v_misc_19,
          nicolae_vaults_little_squares_3, nicolae_vaults_halls_meeting,
          nicolae_vaults_little_squares_2, v_misc_17, grunt_vaults_funnel,
          v_misc_1, v_misc_10, nicolae_vaults_little_squares_5,
          vaults_mumra_lcd, nicolae_vaults_little_squares_3,
          layout_vaults_maze_bifur
Vaults:5
Depths:1: layout_gridlike, hell_entry, serial_shops, kennysheep_mini,
          elyvilon_altar_3, minmay_shop_star
Depths:2: minmay_concentric_multi, layout_long_grid, hangedman_coc_ice_floe,
          rand_demon_pan_entry_1, serial_sigils, serial_sigils_hangedman_leer,
          serial_sigils_hangedman_snap, serial_sigils_hangedman_quiver,
          serial_sigils_hangedman_stare, abyss_entry
Depths:3: minmay_the_grid_triangle_9x9_line_8_mashed
          [minmay_the_grid_triangle_9x9_impossible_snake,
          minmay_the_grid_triangle_9x9_negative_grid,
          minmay_the_grid_triangle_9x9_fully_insulated_deathbox,
          minmay_the_grid_triangle_9x9_dagger,
          minmay_the_grid_triangle_9x9_steps,
          minmay_the_grid_triangle_9x9_descending_squares,
          minmay_the_grid_triangle_9x9_swiss_cheese,
          minmay_the_grid_triangle_9x9_prize_center], layout_cave_shapes,
          hell_entry, pan_entry, serial_bayou_pond_e, abyss_entry,
          minmay_misc_feat_roman, st_stairs_1, drop_trap, kennysheep_donut
Depths:4: grunt_zot_entry_pinwheel, layout_cave_pools, enter_ziggurat_c,
          abyss_entry, xom_teletrap_fun, hellmouth_1, rand_demon_pan_entry_8,
          serial_shops, nicolae_shop_stone
Zot:1:    layout_misc_corridors, grunt_megastairs_5
Zot:2:    layout_gridlike, st_single_dragon_hoard_4, bh_zot_lava_cross
Zot:3:    layout_twisted_circle, ebering_ghost_xom

Skill      XL: |  1  2  3  4  5  6  7  8  9 10 11 12 13 14 15 16 17 18 19 20 21 22 23 24 25 |
---------------+----------------------------------------------------------------------------+-----
Dodging        | 3 5 8 11 13 15 16 18 19 20 21 22 23 | 23.3
Ice Magic      | 5 6 7 8 10 13 15 18 | 18.5
Polearms       | 1 4 7 10 13 14 | 14.0
Stealth        | 4 5 10 11 | 11.1
Evocations     | 4 8 10 12 13 | 13.1
Fighting       | 4 7 8 10 11 12 13 15 | 15.9
Shields        | 3 7 10 12 14 15 16 | 16.4
Throwing       | 5 6 |  6.0
Armour         | 2 3 4 7 |  7.7
Conjurations   | 4 5 6 7 8 |  8.4
Transmutations | 7 12 | 12.1
Summonings     | 6 |  6.1
Air Magic      | 3 7 |  7.5
Spellcasting   | 3 5 6 8 9 11 14 | 14.0
Translocations | 4 |  4.0
Hexes          | 6 |  6.0

Action                   |  1- 3 |  4- 6 |  7- 9 | 10-12 | 13-15 | 16-18 | 19-21 | 22-24 | 25-27 || total
-------------------------+-------+-------+-------+-------+-------+-------+-------+-------+-------++-------
Melee: Unarmed           |    16 |       |       |       |       |       |       |       |       ||    16
       Dagger            |    27 |    25 |   100 |       |       |       |       |       |       ||   152
       Trident           |       |       |   137 |   822 |  2169 |  1558 |  1541 |  1318 |       ||  7545
       Punch             |       |       |     1 |    12 |       |       |       |       |       ||    13
       Tailslap          |       |       |       |       |    23 |    96 |     1 |    10 |       ||   130
       Demon trident     |       |       |       |       |       |       |       |   404 |   260 ||   664
 Fire: Hunting sling     |       |    29 |    22 |       |       |       |       |       |       ||    51
Throw: Dart              |       |       |       |       |     2 |     2 |     6 |     7 |       ||    17
 Cast: Freeze            |    40 |    11 |    18 |    26 |    55 |    11 |       |       |       ||   161
       Frozen Ramparts   |     1 |     3 |    17 |    46 |   109 |    45 |    49 |    27 |     5 ||   302
       Ozocubu's Armour  |       |       |    18 |    35 |    92 |    64 |    74 |    51 |    10 ||   344
       Summon Ice Beast  |       |       |       |       |    16 |     3 |     4 |     2 |       ||    25
       Freezing Cloud    |       |       |       |       |       |    70 |    75 |    47 |     2 ||   194
       Irradiate         |       |       |       |       |       |     5 |    44 |    76 |    13 ||   138
       Blink             |       |       |       |       |       |     1 |     2 |       |     1 ||     4
       Yara's Violent Un |       |       |       |       |       |       |     4 |    24 |     1 ||    29
       Wereblood         |       |       |       |       |       |       |     4 |     5 |     1 ||    10
       Ozocubu's Refrige |       |       |       |       |       |       |       |    50 |     3 ||    53
       Silence           |       |       |       |       |       |       |       |     1 |       ||     1
Invok: Curse Item        |       |       |     2 |     3 |     5 |     1 |     3 |     4 |       ||    18
       Shatter the Chain |       |       |       |       |     4 |     1 |     1 |     3 |       ||     9
Evoke: Wand              |       |       |     2 |     7 |     4 |     5 |     3 |     2 |     2 ||    25
       Tin of tremorston |       |       |       |       |     4 |     2 |     5 |     6 |       ||    17
       Phial of floods   |       |       |       |       |     1 |     1 |     3 |     2 |       ||     7
       Phantom mirror    |       |       |       |       |       |     2 |     2 |     1 |       ||     5
       Lightning rod     |       |       |       |       |       |       |     3 |     4 |       ||     7
       Condenser vane    |       |       |       |       |       |       |     1 |     2 |       ||     3
  Use: Scroll            |     1 |       |     8 |     1 |    19 |     3 |     8 |    12 |       ||    52
       Potion            |       |       |     1 |     4 |     4 |     4 |    18 |    10 |       ||    41
 Stab: Sleeping          |     3 |     4 |    13 |     5 |    18 |    28 |    21 |    12 |     5 ||   109
       Distracted        |       |       |     2 |     1 |    10 |     8 |     9 |     4 |     1 ||    35
       Paralysed         |       |       |       |     6 |       |       |     1 |       |       ||     7
Armor: Robe              |    17 |     2 |       |       |       |       |       |       |       ||    19
       Steam dragon scal |       |       |    45 |    99 |   189 |       |       |       |       ||   333
       Troll leather arm |       |       |       |       |    61 |   149 |   189 |   277 |    47 ||   723
Dodge: Dodged            |    43 |    20 |   171 |   442 |  1106 |   888 |  1059 |  1509 |   271 ||  5509
Block: Kite shield       |       |       |       |   166 |  1101 |   664 |    47 |       |       ||  1978
       Buckler           |       |       |       |       |       |    73 |   644 |   914 |   142 ||  1773

Table legend: (Time is in decaauts)
 A = Elapsed time spent in this place.
 B = Non-inter-level travel time spent in this place.
 C = Inter-level travel time spent in this place.
 D = Time resting spent in this place.
 E = Time spent auto-exploring this place.
 F = Levels seen in this place.
 G = Mean time per level.
                   A        B        C        D        E       F      G
               +--------+--------+--------+--------+--------+-----+--------+
         Total |  55692 |  50919 |   4773 |   7860 |  25053 |  48 | 1160.2 |
       Dungeon |  16147 |  14260 |   1887 |   1419 |   9154 |  15 | 1076.5 |
        Temple |    243 |    213 |     30 |      0 |    211 |   1 |  243.0 |
          Lair |   9290 |   8186 |   1104 |   1004 |   4320 |   6 | 1548.3 |
        Shoals |   3961 |   3790 |    171 |    659 |   1538 |   4 |  990.2 |
     Snake Pit |   3970 |   3687 |    283 |    529 |   1781 |   4 |  992.5 |
  Orcish Mines |   1855 |   1652 |    203 |    175 |    753 |   2 |  927.5 |
        Vaults |  10029 |   9330 |    699 |   1852 |   4195 |   5 | 2005.8 |
        Depths |   5378 |   5021 |    357 |   1181 |   1971 |   4 | 1344.5 |
           Zot |   2809 |   2773 |     36 |    645 |   1063 |   3 |  936.3 |
         Abyss |    674 |    674 |      0 |     70 |      0 |   2 |  337.0 |
      Ice Cave |    860 |    860 |      0 |    172 |     65 |   1 |  860.0 |
       Volcano |    471 |    471 |      0 |    153 |      0 |   1 |  471.0 |
               +--------+--------+--------+--------+--------+-----+--------+

Top non-repeatable levels by time:
Vaults:5: 2773 daAuts
  Lair:6: 2144 daAuts
Vaults:2: 1985 daAuts
Vaults:3: 1855 daAuts
Vaults:1: 1714 daAuts
Vaults:4: 1700 daAuts
  Lair:2: 1598 daAuts
     D:9: 1587 daAuts
    D:14: 1567 daAuts
 Snake:4: 1566 daAuts
    D:11: 1563 daAuts
  Lair:1: 1541 daAuts
Depths:3: 1522 daAuts
Depths:4: 1443 daAuts
  Lair:5: 1357 daAuts
